[ PARTIDA AOE2 · #479767508 ]
1v1 RMMaya vs Sicilians
Equipo del jugador · VICT
Equipo rival · DERR
[ ANÁLISIS DE REPETICIÓN · EXTRAÍDO DE LA PARTIDA GRABADA ]
Feudal
9:10
Castillos
23:22
Imperial
—
| APM promedio | 57.3 |
| APM pico | 89 |
| eAPM promedio | 24.9 |
| Aldeanos / militares | 107 / 68 |
Foco
⚔️ 23.8% · 🌾 76.2%
Archer ×61 · Militia ×3 · Monk ×2 · Eagle Scout ×2
Feudal
8:50
Castillos
23:54
Imperial
—
| APM promedio | 32.5 |
| APM pico | 77 |
| eAPM promedio | 14.8 |
| Aldeanos / militares | 98 / 44 |
Foco
⚔️ 29.7% · 🌾 70.3%
Serjeant ×30 · Skirmisher ×7 · Mangonel ×7
Mapa de la partida
Recursos iniciales + cada clic de construcción. Líneas = muros · curvas = relieve. ◆ oro · ⬟ piedra · ● bayas · ✦ reliquia · ◌ hueco del cierre
Tu base· ✓ Cerrada en 23:22 · 48t muro · sin puerta
Base de Mompoxa· Abierta — el rival se encerró
Terreno inicial suavizado · ◌ = hueco del cierre detectado · pasá el cursor para detalles
Inputs por minuto
— Zaybatz - - Mompoxa
Build order — Zaybatz
Primeras 150 de 272 acciones detectadas
| 0:01 | Crear | Villager (Male) ×3 |
| 0:03 | Investigar | Loom |
| 0:05 | Construir | House |
| 0:25 | Crear | Villager (Male) |
| 0:35 | Crear | Villager (Male) |
| 0:36 | Crear | Villager (Male) |
| 0:36 | Crear | Villager (Male) |
| 1:19 | Crear | Villager (Male) |
| 1:54 | Construir | House |
| 1:58 | Construir | Lumber Camp |
| 2:02 | Crear | Villager (Male) |
| 2:27 | Crear | Villager (Male) |
| 2:58 | Crear | Villager (Male) |
| 3:05 | Crear | Villager (Male) |
| 3:28 | Construir | House |
| 3:40 | Crear | Villager (Male) |
| 4:03 | Crear | Villager (Male) |
| 4:17 | Construir | Mill |
| 4:33 | Crear | Villager (Male) |
| 4:33 | Crear | Villager (Male) |
| 5:05 | Crear | Villager (Male) |
| 5:18 | Crear | Villager (Male) |
| 5:36 | Crear | Villager (Male) |
| 7:00 | Investigar | Feudal Age |
| 7:06 | Construir | Barracks |
| 7:14 | Construir | Barracks |
| 7:23 | Construir | House |
| 8:05 | Crear | Militia |
| 8:05 | Crear | Militia |
| 8:11 | Construir | Mining Camp |
| 8:41 | Construir | House |
| 8:44 | Crear | Villager (Male) |
| 8:46 | Crear | Militia |
| 9:10 | Edad | Edad Feudal |
| 9:24 | Investigar | Man-at-Arms (upgrade) |
| 9:25 | Investigar | Man-at-Arms (upgrade) |
| 9:28 | Construir | Archery Range |
| 9:41 | Crear | Villager (Male) |
| 10:08 | Crear | Villager (Male) |
| 10:21 | Crear | Archer |
| 10:21 | Crear | Archer |
| 10:24 | Construir | House |
| 10:36 | Crear | Villager (Male) |
| 11:08 | Crear | Archer |
| 11:16 | Construir | Blacksmith |
| 11:18 | Construir | House |
| 11:23 | Crear | Villager (Male) |
| 11:26 | Investigar | Double-Bit Axe |
| 11:52 | Crear | Villager (Male) |
| 11:53 | Crear | Archer |
| 11:55 | Investigar | Horse Collar |
| 11:55 | Investigar | Horse Collar |
| 12:01 | Crear | Archer |
| 12:09 | Construir | Farm |
| 12:25 | Construir | Farm |
| 12:25 | Crear | Villager (Male) |
| 12:30 | Crear | Archer |
| 12:40 | Crear | Archer |
| 12:57 | Crear | Villager (Male) |
| 13:00 | Construir | House |
| 13:08 | Construir | House |
| 13:10 | Construir | Palisade Wall |
| 13:16 | Construir | Farm |
| 13:16 | Construir | Farm |
| 13:16 | Construir | Farm |
| 13:22 | Construir | Farm |
| 13:25 | Construir | Farm |
| 13:26 | Construir | Farm |
| 13:26 | Crear | Villager (Male) |
| 13:53 | Crear | Villager (Male) |
| 13:55 | Construir | Farm |
| 14:10 | Crear | Archer |
| 14:15 | Crear | Villager (Male) |
| 14:34 | Construir | Lumber Camp |
| 14:52 | Crear | Villager (Male) |
| 14:59 | Construir | Palisade Wall |
| 15:01 | Crear | Villager (Male) |
| 15:08 | Investigar | Fletching |
| 15:10 | Crear | Villager (Male) |
| 15:20 | Crear | Villager (Male) |
| 15:24 | Crear | Archer |
| 15:34 | Construir | Farm |
| 15:44 | Crear | Villager (Male) |
| 15:48 | Construir | Farm |
| 15:53 | Crear | Archer |
| 15:55 | Crear | Villager (Male) |
| 16:05 | Construir | House |
| 16:14 | Construir | Farm |
| 16:16 | Crear | Villager (Male) |
| 16:23 | Crear | Archer |
| 16:38 | Crear | Archer |
| 16:41 | Construir | House |
| 16:53 | Crear | Villager (Male) |
| 17:00 | Construir | Palisade Wall |
| 17:15 | Construir | Palisade Wall |
| 17:17 | Construir | Palisade Wall |
| 17:25 | Construir | Farm |
| 17:26 | Construir | Farm |
| 17:26 | Construir | Farm |
| 17:28 | Construir | Farm |
| 17:31 | Crear | Villager (Male) |
| 17:33 | Crear | Archer |
| 17:57 | Crear | Villager (Male) |
| 17:58 | Crear | Archer |
| 18:17 | Construir | Farm |
| 18:18 | Crear | Villager (Male) |
| 18:22 | Construir | Farm |
| 18:32 | Crear | Archer |
| 18:45 | Construir | Mill |
| 18:50 | Construir | Farm |
| 18:57 | Construir | Farm |
| 19:01 | Crear | Villager (Male) |
| 19:05 | Crear | Archer |
| 19:14 | Investigar | Wheelbarrow |
| 19:24 | Crear | Archer |
| 19:35 | Construir | Farm |
| 19:48 | Construir | House |
| 19:50 | Construir | Palisade Wall |
| 19:55 | Crear | Archer |
| 20:05 | Construir | Palisade Wall |
| 20:25 | Investigar | Castle Age |
| 20:37 | Investigar | Gold Mining |
| 20:58 | Investigar | Padded Archer Armor |
| 20:58 | Investigar | Padded Archer Armor |
| 21:14 | Construir | House |
| 21:18 | Crear | Archer |
| 21:38 | Construir | House |
| 21:43 | Crear | Archer |
| 22:01 | Crear | Villager (Male) |
| 22:34 | Construir | House |
| 22:35 | Construir | House |
| 22:37 | Construir | House |
| 22:37 | Construir | House |
| 22:42 | Crear | Archer |
| 23:19 | Crear | Archer |
| 23:22 | Edad | Edad de los Castillos |
| 23:25 | Investigar | Crossbowman (upgrade) |
| 23:26 | Investigar | Crossbowman (upgrade) |
| 23:26 | Investigar | Bodkin Arrow |
| 23:26 | Investigar | Bodkin Arrow |
| 23:29 | Investigar | Thumb Ring |
| 23:29 | Investigar | Thumb Ring |
| 23:33 | Investigar | Bow Saw |
| 23:33 | Investigar | Bow Saw |
| 23:33 | Investigar | Heavy Plow |
| 23:33 | Investigar | Heavy Plow |
| 23:34 | Crear | Villager (Male) |
| 23:38 | Construir | Town Center |
| 24:04 | Crear | Archer |
| 24:04 | Crear | Archer |
Build order — Mompoxa
Primeras 150 de 216 acciones detectadas
| 0:00 | Crear | Villager (Male) |
| 0:01 | Crear | Villager (Male) |
| 0:01 | Crear | Villager (Male) |
| 0:02 | Construir | House |
| 0:04 | Construir | House |
| 0:04 | Crear | Villager (Male) |
| 0:04 | Crear | Villager (Male) |
| 1:37 | Crear | Villager (Male) |
| 1:38 | Crear | Villager (Male) |
| 1:46 | Construir | Lumber Camp |
| 1:52 | Crear | Villager (Male) |
| 1:52 | Crear | Villager (Male) |
| 2:17 | Crear | Villager (Male) |
| 2:17 | Crear | Villager (Male) |
| 2:37 | Crear | Villager (Male) |
| 2:37 | Crear | Villager (Male) |
| 2:37 | Crear | Villager (Male) |
| 3:16 | Crear | Villager (Male) |
| 3:16 | Crear | Villager (Male) |
| 3:17 | Crear | Villager (Male) |
| 3:22 | Construir | House |
| 3:25 | Construir | House |
| 3:39 | Crear | Villager (Male) |
| 3:39 | Crear | Villager (Male) |
| 3:39 | Crear | Villager (Male) |
| 4:29 | Crear | Villager (Male) |
| 4:51 | Crear | Villager (Male) |
| 5:29 | Construir | Mill |
| 5:32 | Crear | Villager (Male) |
| 6:05 | Investigar | Loom |
| 6:40 | Investigar | Feudal Age |
| 7:11 | Construir | Mining Camp |
| 8:16 | Crear | Villager (Male) |
| 8:50 | Edad | Edad Feudal |
| 9:03 | Crear | Villager (Male) |
| 9:14 | Construir | Mining Camp |
| 9:43 | Crear | Villager (Male) |
| 9:43 | Crear | Villager (Male) |
| 10:06 | Construir | Barracks |
| 10:30 | Crear | Villager (Male) |
| 10:47 | Construir | House |
| 10:52 | Construir | House |
| 10:55 | Construir | House |
| 10:57 | Construir | House |
| 11:21 | Construir | Donjon |
| 11:22 | Crear | Villager (Male) |
| 11:23 | Crear | Villager (Male) |
| 11:24 | Crear | Villager (Male) |
| 12:05 | Crear | Villager (Male) |
| 12:05 | Crear | Villager (Male) |
| 12:07 | Construir | Farm |
| 12:08 | Investigar | Double-Bit Axe |
| 12:18 | Crear | Villager (Male) |
| 12:33 | Construir | Farm |
| 12:46 | Construir | House |
| 13:06 | Crear | Villager (Male) |
| 13:06 | Crear | Villager (Male) |
| 13:15 | Construir | Farm |
| 13:18 | Construir | Farm |
| 13:40 | Crear | Serjeant |
| 13:40 | Crear | Serjeant |
| 14:04 | Construir | Farm |
| 14:07 | Construir | Farm |
| 14:10 | Construir | Farm |
| 14:19 | Construir | Lumber Camp |
| 14:26 | Crear | Villager (Male) |
| 14:26 | Crear | Villager (Male) |
| 14:55 | Crear | Villager (Male) |
| 14:56 | Crear | Villager (Male) |
| 14:56 | Crear | Villager (Male) |
| 14:59 | Construir | Farm |
| 15:09 | Construir | Donjon |
| 15:16 | Construir | House |
| 15:18 | Construir | House |
| 15:21 | Crear | Villager (Male) |
| 15:22 | Crear | Villager (Male) |
| 15:41 | Crear | Villager (Male) |
| 15:41 | Crear | Villager (Male) |
| 16:02 | Crear | Serjeant |
| 16:02 | Crear | Serjeant |
| 16:08 | Construir | Farm |
| 16:10 | Construir | Farm |
| 16:22 | Construir | Archery Range |
| 16:25 | Crear | Villager (Male) |
| 16:25 | Crear | Villager (Male) |
| 16:43 | Crear | Villager (Male) |
| 16:43 | Crear | Villager (Male) |
| 16:51 | Construir | House |
| 17:00 | Crear | Villager (Male) |
| 17:00 | Crear | Villager (Male) |
| 17:04 | Construir | Farm |
| 17:13 | Construir | Farm |
| 17:40 | Crear | Villager (Male) |
| 17:40 | Crear | Villager (Male) |
| 17:57 | Construir | Donjon |
| 17:59 | Crear | Serjeant |
| 17:59 | Crear | Serjeant |
| 18:15 | Crear | Villager (Male) |
| 18:15 | Crear | Villager (Male) |
| 18:20 | Construir | Farm |
| 18:31 | Construir | Market |
| 18:39 | Crear | Villager (Male) |
| 18:39 | Crear | Villager (Male) |
| 18:47 | Construir | Farm |
| 19:00 | Construir | Farm |
| 19:16 | Crear | Villager (Male) |
| 19:26 | Construir | Donjon |
| 19:41 | Crear | Villager (Male) |
| 19:41 | Crear | Villager (Male) |
| 19:54 | Construir | Palisade Gate |
| 20:03 | Construir | Palisade Wall |
| 20:07 | Construir | Palisade Wall |
| 20:10 | Crear | Villager (Male) |
| 20:10 | Crear | Villager (Male) |
| 20:23 | Construir | Blacksmith |
| 20:38 | Construir | Farm |
| 21:01 | Crear | Villager (Male) |
| 21:01 | Crear | Villager (Male) |
| 21:14 | Investigar | Castle Age |
| 21:20 | Crear | Serjeant |
| 21:20 | Crear | Serjeant |
| 21:20 | Crear | Serjeant |
| 21:20 | Crear | Serjeant |
| 21:29 | Construir | Farm |
| 21:32 | Investigar | Scale Mail Armor |
| 22:00 | Crear | Serjeant |
| 22:01 | Crear | Serjeant |
| 22:20 | Construir | Donjon |
| 22:23 | Crear | Serjeant |
| 22:23 | Crear | Serjeant |
| 22:24 | Crear | Villager (Male) |
| 22:25 | Crear | Villager (Male) |
| 22:33 | Crear | Skirmisher |
| 22:33 | Crear | Skirmisher |
| 22:46 | Crear | Villager (Male) |
| 23:01 | Crear | Serjeant |
| 23:01 | Crear | Serjeant |
| 23:17 | Investigar | Fletching |
| 23:37 | Crear | Villager (Male) |
| 23:37 | Crear | Villager (Male) |
| 23:54 | Edad | Edad de los Castillos |
| 23:58 | Crear | Villager (Male) |
| 23:58 | Crear | Villager (Male) |
| 24:18 | Construir | Donjon |
| 24:25 | Construir | Siege Workshop |
| 25:11 | Crear | Villager (Male) |
| 25:12 | Crear | Villager (Male) |
| 25:25 | Construir | Donjon |
| 25:30 | Crear | Skirmisher |
| 25:31 | Crear | Skirmisher |
Cronología de la partida
| 7:06 | Zaybatz · first_building Barracks |
| 8:50 | Mompoxa · age_up feudal |
| 9:10 | Zaybatz · age_up feudal |
| 9:28 | Zaybatz · first_building Archery Range |
| 10:06 | Mompoxa · first_building Barracks |
| 11:21 | Mompoxa · first_building Donjon |
| 13:10 | Zaybatz · wall_segment Palisade Wall x7 |
| 14:59 | Zaybatz · wall_segment Palisade Wall x19 |
| 16:22 | Mompoxa · first_building Archery Range |
| 17:00 | Zaybatz · wall_segment Palisade Wall x6 |
| 17:15 | Zaybatz · wall_segment Palisade Wall x7 |
| 17:17 | Zaybatz · wall_segment Palisade Wall x5 |
| 19:50 | Zaybatz · wall_segment Palisade Wall x8 |
| 20:03 | Mompoxa · wall_segment Palisade Wall x8 |
| 20:05 | Zaybatz · wall_segment Palisade Wall x3 |
| 20:07 | Mompoxa · wall_segment Palisade Wall x12 |
| 21:07 | Mompoxa · first_market_buy 100 food |
| 23:22 | Zaybatz · age_up castle |
| 23:54 | Mompoxa · age_up castle |
| 24:25 | Mompoxa · first_building Siege Workshop |
| 28:22 | Zaybatz · first_building Monastery |
| 31:26 | Zaybatz · first_building Castle |
| 33:40 | Mompoxa · resign |
[ ANÁLISIS IA · 1 CRÉDITO ]
¿Qué pasó realmente en esta partida?
Wolo.gg analiza cada decisión: build order, eco, micro, errores típicos por bracket. Análisis personalizado por WhatsApp o Discord en 30 segundos.
Guía civ
Maya
Guía mapa
Arabia
Perfil
Jugador #2884523